TOP OF THE 1ST |
---|
Key West Barracudas batting - Pitching for Beaumont Roughnecks : RHP Mike Marks | Pitching: RHP Mike Marks | | Batting: SHB Luis Manuel López | 0-0: Ball 1-0: Ball 2-0: Ball 3-0: Called Strike 3-1: Ground out U3 (Groundball, 34) | Batting: RHB Chris Adams | 0-0: Ball 1-0: Ball 2-0: Called Strike 2-1: Ball 3-1: Base on Balls | Batting: LHB Domingo Ledesma | 0-0: Foul Ball, location: 2F 0-1: DOUBLE (Groundball, 3L) Chris Adams to third | Batting: SHB Héctor Jiménez | 0-0: Fly out, F9 (Flyball, 89S) Runner from 3rd tags up, SCORES, no throw | Batting: SHB Júlio Ayala | 0-0: Ball 1-0: Ball 2-0: Swinging Strike 2-1: Foul Ball, location: 2F 2-2: Ground out 4-3 (Groundball, 4) | Top of the 1st over - 1 run, 1 hit, 0 errors, 1 left on base; Key West 1 - Beaumont 0 | BOTTOM OF THE 1ST |
---|
Beaumont Roughnecks batting - Pitching for Key West Barracudas : RHP Gabe Lewis | Pitching: RHP Gabe Lewis | | Batting: RHB John James | 0-0: Ground out U3 (Groundball, 3S) | Batting: RHB Darwin Crane | 0-0: Called Strike 0-1: Called Strike 0-2: Strikes out looking | Batting: RHB Roger Rush | 0-0: Called Strike 0-1: Ball 1-1: Ball 2-1: Foul Ball, location: 2F 2-2: Strikes out swinging | Bottom of the 1st over - 0 runs, 0 hits, 0 errors, 0 left on base; Key West 1 - Beaumont 0 | TOP OF THE 2ND |
---|
Key West Barracudas batting - Pitching for Beaumont Roughnecks : RHP Mike Marks | Batting: LHB Motoki Hirata | 0-0: Ball 1-0: SINGLE (Flyball, 89M) | Batting: RHB Anastasio Zartuche | 0-0: SINGLE (Line Drive, 56) Motoki Hirata to second | Batting: LHB Mauro Díaz | 0-0: Called Strike 0-1: Foul Ball, location: 2F 0-2: Ball 1-2: Fly out, F8 (Flyball, 8RM) | Batting: LHB Juan Lima | 0-0: Called Strike 0-1: Reached on error, E3 (Groundball, 34) Motoki Hirata to third Anastasio Zartuche to second | Batting: SHB Luis Manuel López | 0-0: Fielders Choice at 2nd, 4-6 (Groundball, 4) Motoki Hirata scores Anastasio Zartuche to third | Batting: RHB Chris Adams | 0-0: Ball 1-0: Called Strike 1-1: Ball 2-1: Swinging Strike 2-2: Strikes out swinging | Top of the 2nd over - 1 run, 2 hits, 1 error, 2 left on base; Key West 2 - Beaumont 0 | BOTTOM OF THE 2ND |
---|
Beaumont Roughnecks batting - Pitching for Key West Barracudas : RHP Gabe Lewis | Batting: RHB Si-xun Li | 0-0: Called Strike 0-1: Ball 1-1: Ball 2-1: Ball 3-1: Base on Balls | Batting: LHB Enrique Cruz | 0-0: Ball 1-0: Ball 2-0: Called Strike 2-1: Grounds into double play, 5-4-3 (Groundball, 56) | Batting: RHB Michael Kent | 0-0: Foul Ball, location: 2F 0-1: Called Strike 0-2: SINGLE (Line Drive, 6M) | Batting: RHB António Aguilar | 0-0: Fly out, F9 (Flyball, 89M) | Bottom of the 2nd over - 0 runs, 1 hit, 0 errors, 1 left on base; Key West 2 - Beaumont 0 | TOP OF THE 3RD |
---|
Key West Barracudas batting - Pitching for Beaumont Roughnecks : RHP Mike Marks | Batting: LHB Domingo Ledesma | 0-0: Called Strike 0-1: Foul Ball, location: 2F 0-2: Ball 1-2: Foul Ball, location: 2F 1-2: Strikes out looking | Batting: SHB Héctor Jiménez | 0-0: Ball 1-0: Ball 2-0: Ball 3-0: Called Strike 3-1: Fly out, F8 (Line Drive, 8LD) | Batting: SHB Júlio Ayala | 0-0: Swinging Strike 0-1: Ball 1-1: Swinging Strike 1-2: Strikes out looking | Top of the 3rd over - 0 runs, 0 hits, 0 errors, 0 left on base; Key West 2 - Beaumont 0 | BOTTOM OF THE 3RD |
---|
Beaumont Roughnecks batting - Pitching for Key West Barracudas : RHP Gabe Lewis | Batting: RHB Miguel Costa | 0-0: Ball 1-0: Foul Ball, location: 2F 1-1: Bunted foul 1-2: Foul Ball, location: 2F 1-2: Ball 2-2: Ball 3-2: Ground out 5-3 (Groundball, 56S) | Batting: SHB Walton Locke | 0-0: Foul Ball, location: 2F 0-1: Ball 1-1: Swinging Strike 1-2: Ball 2-2: Foul Ball, location: 2F 2-2: Ball 3-2: Foul Ball, location: 2F 3-2: SINGLE (Flyball, 8RS) | Pitching: RHP Ed Calhoun | | Batting: RHB John James | 0-0: Ball 1-0: Called Strike 1-1: Ball 2-1: Fly out, F7 (Flyball, 7) | Batting: RHB Darwin Crane | 0-0: Swinging Strike 0-1: Ball Walton Locke steals 2nd base 1-1: Ball 2-1: TRIPLE (Line Drive, 7D) Walton Locke scores | Batting: RHB Roger Rush | 0-0: Ball 1-0: Fly out, F5 (Line Drive, 5) | Bottom of the 3rd over - 1 run, 2 hits, 0 errors, 1 left on base; Key West 2 - Beaumont 1 | TOP OF THE 4TH |
---|
Key West Barracudas batting - Pitching for Beaumont Roughnecks : RHP Mike Marks | Batting: LHB Motoki Hirata | 0-0: Ball 1-0: Called Strike 1-1: Reached on error, E4 (Groundball, 4) | Batting: RHB Anastasio Zartuche | 0-0: Ball 1-0: Ball Passed Ball! Motoki Hirata to second 2-0: Foul Ball, location: 2F 2-1: Ground out 6-3 (Groundball, 6) | Batting: LHB Mauro Díaz | 0-0: Foul Ball, location: 2F 0-1: Called Strike 0-2: Ball 1-2: Ball 2-2: Foul Ball, location: 2F 2-2: Strikes out swinging | Batting: LHB Juan Lima | 0-0: Foul Ball, location: 2F 0-1: Ground out 6-3 (Groundball, 6MS) | Top of the 4th over - 0 runs, 0 hits, 1 error, 1 left on base; Key West 2 - Beaumont 1 | BOTTOM OF THE 4TH |
---|
Beaumont Roughnecks batting - Pitching for Key West Barracudas : RHP Ed Calhoun | Batting: RHB Si-xun Li | 0-0: Ball 1-0: Fly out, F8 (Flyball, 78D) | Batting: LHB Enrique Cruz | 0-0: Foul Ball, location: 2F 0-1: Ball 1-1: SOLO HOME RUN (Flyball, 9D), Distance : 390 ft | Batting: RHB Michael Kent | 0-0: Ball 1-0: SINGLE (Groundball, 6D) | Batting: RHB António Aguilar | 0-0: Called Strike 0-1: Called Strike 0-2: Ball 1-2: Foul Ball, location: 2F 1-2: Ball 2-2: Grounds into double play, 4-6-3 (Groundball, 4) | Bottom of the 4th over - 1 run, 2 hits, 0 errors, 0 left on base; Key West 2 - Beaumont 2 | TOP OF THE 5TH |
---|
Key West Barracudas batting - Pitching for Beaumont Roughnecks : RHP Mike Marks | Batting: SHB Luis Manuel López | 0-0: Swinging Strike 0-1: Swinging Strike 0-2: Strikes out swinging | Batting: RHB Chris Adams | 0-0: Foul Ball, location: 2F 0-1: Swinging Strike 0-2: Foul Ball, location: 2F 0-2: Fly out, F7 (Line Drive, 7) | Batting: LHB Domingo Ledesma | 0-0: Swinging Strike 0-1: Ball 1-1: Foul Ball, location: 2F 1-2: SINGLE (Line Drive, 4MD) | Pitching: RHP Enrique Paredes | | Batting: SHB Héctor Jiménez | 0-0: Called Strike 0-1: Swinging Strike 0-2: Foul Ball, location: 2F 0-2: Foul Ball, location: 2F 0-2: Ground out 4-3 (Groundball, 4) | Top of the 5th over - 0 runs, 1 hit, 0 errors, 1 left on base; Key West 2 - Beaumont 2 | BOTTOM OF THE 5TH |
---|
Beaumont Roughnecks batting - Pitching for Key West Barracudas : RHP Ed Calhoun | Batting: RHB Miguel Costa | 0-0: Ball 1-0: Ground out 4-3 (Groundball, 4) | Batting: SHB Walton Locke | 0-0: Called Strike 0-1: Ball 1-1: Fly out, F6 (Popup, 6MD) | Batting: RHB John James | 0-0: Ground out U3 (Groundball, 3L) | Bottom of the 5th over - 0 runs, 0 hits, 0 errors, 0 left on base; Key West 2 - Beaumont 2 | TOP OF THE 6TH |
---|
Key West Barracudas batting - Pitching for Beaumont Roughnecks : RHP Enrique Paredes | Batting: SHB Júlio Ayala | 0-0: Ball 1-0: Ball 2-0: Foul Ball, location: 2F 2-1: Ground out 4-3 (Groundball, 4) | Batting: LHB Motoki Hirata | 0-0: Ball 1-0: Ball 2-0: DOUBLE (Flyball, 8RXD) | Batting: RHB Anastasio Zartuche | 0-0: Foul Ball, location: 2F 0-1: Ball 1-1: Foul Ball, location: 2F 1-2: Ball 2-2: Ground out 1-3 (Groundball, 13) Motoki Hirata to third | Batting: LHB Mauro Díaz | 0-0: Called Strike 0-1: Called Strike 0-2: Strikes out swinging | Top of the 6th over - 0 runs, 1 hit, 0 errors, 1 left on base; Key West 2 - Beaumont 2 | BOTTOM OF THE 6TH |
---|
Beaumont Roughnecks batting - Pitching for Key West Barracudas : RHP Ed Calhoun | Batting: RHB Darwin Crane | 0-0: Ball 1-0: Ball 2-0: SINGLE (Line Drive, 5D) | Batting: RHB Roger Rush | 0-0: Ball 1-0: Ball 2-0: SINGLE (Groundball, 5D) Darwin Crane to second | Batting: RHB Si-xun Li | 0-0: Ball 1-0: Ball 2-0: Swinging Strike 2-1: Foul Ball, location: 2F 2-2: Foul Ball, location: 2F 2-2: Ball 3-2: Foul Ball, location: 2F 3-2: Foul Ball, location: 2F 3-2: Strikes out swinging | Batting: LHB Enrique Cruz | 0-0: Ball 1-0: DOUBLE (Groundball, 5L) Darwin Crane scores Roger Rush to third | Batting: RHB Michael Kent | 0-0: Ball 1-0: Ball 2-0: Foul Ball, location: 2F 2-1: Swinging Strike 2-2: Ball 3-2: Foul Ball, location: 2F 3-2: Foul Ball, location: 2F 3-2: Strikes out swinging | Batting: RHB António Aguilar | 0-0: Called Strike 0-1: Ball 1-1: Swinging Strike 1-2: DOUBLE (Line Drive, 7LS) Roger Rush scores Enrique Cruz scores | Pitching: RHP Mathew Wilcox | | Batting: RHB Miguel Costa | 0-0: Fly out, F8 (Flyball, 89D) | Bottom of the 6th over - 3 runs, 4 hits, 0 errors, 1 left on base; Key West 2 - Beaumont 5 | TOP OF THE 7TH |
---|
Key West Barracudas batting - Pitching for Beaumont Roughnecks : RHP Enrique Paredes | Batting: LHB Juan Lima | 0-0: Called Strike 0-1: Ball 1-1: Fly out, F3 (Line Drive, 34) | Batting: SHB Luis Manuel López | 0-0: Called Strike 0-1: Ground out 4-3 (Groundball, 4) | Batting: RHB Chris Adams | 0-0: Swinging Strike 0-1: Swinging Strike 0-2: Foul Ball, location: 2F 0-2: Foul Ball, location: 2F 0-2: Ball 1-2: Foul Ball, location: 2F 1-2: Strikes out swinging | Top of the 7th over - 0 runs, 0 hits, 0 errors, 0 left on base; Key West 2 - Beaumont 5 | BOTTOM OF THE 7TH |
---|
Beaumont Roughnecks batting - Pitching for Key West Barracudas : RHP Mathew Wilcox | Batting: SHB Walton Locke | 0-0: Ball 1-0: Foul Ball, location: 2F 1-1: Ball 2-1: Foul Ball, location: 2F 2-2: Ball 3-2: Base on Balls | Batting: RHB John James | 0-0: Sac Bunt - play at first, batter OUT! 1-3 Walton Locke to second | Batting: RHB Darwin Crane | 0-0: Fly out, F6 (Line Drive, 6M) | Batting: RHB Roger Rush | 0-0: SINGLE (Flyball, 78S) Walton Locke to third Runner from 3rd tries for Home, SAFE, no throw | Batting: RHB Si-xun Li | 0-0: Ball 1-0: Swinging Strike 1-1: Ball 2-1: Called Strike 2-2: Strikes out swinging | Bottom of the 7th over - 1 run, 1 hit, 0 errors, 1 left on base; Key West 2 - Beaumont 6 | TOP OF THE 8TH |
---|
Key West Barracudas batting - Pitching for Beaumont Roughnecks : RHP Enrique Paredes | Batting: LHB Domingo Ledesma | 0-0: Ball 1-0: Called Strike 1-1: Swinging Strike 1-2: Ball 2-2: Ball 3-2: SINGLE (Groundball, 34D) | Batting: SHB Héctor Jiménez | 0-0: Called Strike 0-1: Ball 1-1: Ground out 3-1 (Groundball, 3) Domingo Ledesma to second | Batting: SHB Júlio Ayala | 0-0: Ball 1-0: DOUBLE (Flyball, 89XD) Domingo Ledesma scores | Batting: LHB Motoki Hirata | 0-0: Called Strike 0-1: Ball 1-1: Called Strike 1-2: Foul Ball, location: 2F 1-2: Foul Ball, location: 2F 1-2: Ball 2-2: Ground out 5-3 (Groundball, 56S) Júlio Ayala to third | Batting: RHB Anastasio Zartuche | 0-0: Ball 1-0: SINGLE (Line Drive, 8LS) Júlio Ayala scores | Batting: LHB Mauro Díaz | 0-0: Ground out 4-3 (Groundball, 4) | Top of the 8th over - 2 runs, 3 hits, 0 errors, 1 left on base; Key West 4 - Beaumont 6 | BOTTOM OF THE 8TH |
---|
Beaumont Roughnecks batting - Pitching for Key West Barracudas : RHP Mathew Wilcox | Batting: LHB Enrique Cruz | 0-0: Ball 1-0: Foul Ball, location: 2F 1-1: Foul Ball, location: 2F 1-2: Strikes out swinging | Batting: RHB Michael Kent | 0-0: Swinging Strike 0-1: Swinging Strike 0-2: Strikes out looking | Batting: RHB António Aguilar | 0-0: Ball 1-0: DOUBLE (Line Drive, 9LM) | Batting: RHB Miguel Costa | 0-0: SINGLE (Groundball, 6MD) António Aguilar to third Runner from 3rd tries for Home, SAFE, no throw | Pitching: RHP Sean Martínez | | Batting: SHB Walton Locke | 0-0: Ball 1-0: Called Strike 1-1: Ball 2-1: Ball 3-1: Fly out, F8 (Flyball, 8LM) | Bottom of the 8th over - 1 run, 2 hits, 0 errors, 1 left on base; Key West 4 - Beaumont 7 | TOP OF THE 9TH |
---|
Key West Barracudas batting - Pitching for Beaumont Roughnecks : RHP Enrique Paredes | Pitching: RHP César Sánchez | | Batting: LHB Juan Lima | 0-0: Called Strike 0-1: Ball 1-1: Ball 2-1: Fly out, F3 (Popup, 3F) | Batting: SHB Luis Manuel López | 0-0: Ball 1-0: Swinging Strike 1-1: Called Strike 1-2: Strikes out swinging | Batting: RHB Chris Adams | 0-0: Ball 1-0: Ball 2-0: Ball 3-0: Base on Balls | Batting: LHB Domingo Ledesma | 0-0: SINGLE (Groundball, 34) (infield hit) Chris Adams to second | Pinch Hitting: SHB Eric Pimentel | 0-0: Ball 1-0: Ball 2-0: Ball 3-0: Swinging Strike 3-1: Swinging Strike 3-2: Strikes out looking | Top of the 9th over - 0 runs, 1 hit, 0 errors, 2 left on base; Key West 4 - Beaumont 7 | |